 Dungeon Crawl Stone Soup version 0.21-a0-552-g593960d (webtiles) character file.

18915 KristoblXynda the Carver (level 12, -4/78 HPs)
             Began as a Vampire Gladiator on Dec 17, 2017.
             Was an Elder of Dithmenos.
             Slain by a cyclops (21 damage)
             ... on level 13 of the Dungeon.
             The game lasted 00:46:25 (17675 turns).

KristoblXynda the Carver (Vampire Gladiator)       Turns: 17675, Time: 00:46:26

Health: -4/78      AC: 13    Str: 17    XL:     12   Next: 31%
Magic:  18/18      EV: 17    Int: 13    God:    Dithmenos [****..]
Gold:   668        SH:  0    Dex: 16    Spells: 8/11 levels left

rFire    + . .     SeeInvis +   t - +3 dagger (venom)
rCold    + + .     Gourm    .   (no shield)
rNeg     + + +     Faith    .   G - +0 ring mail "Urenil" {rElec}
rPois    +         Spirit   .   c - +1 helmet
rElec    +         Reflect  .   O - +0 cloak
rCorr    .         Harm     .   f - +1 pair of gloves
MR       +....     Clarity  +   p - +0 pair of boots
Stlth    +++++++...             k - amulet of rage
HPRegen  0.11/turn              s - ring of positive energy
MPRegen  0.16/turn              i - ring of wizardry

@: regenerating slowly, wreathed by umbra
A: fangs 3, talons 2, see invisible, clarity, clever 1, cold resistance 1, fire
resistance 1, unbreathing, evolution 1
a: Bat Form, Shadow Step, Renounce Religion, Evoke Berserk Rage


You were on level 13 of the Dungeon.
You worshipped Dithmenos.
Dithmenos was greatly pleased with you.
You were thirsty.

You visited 2 branches of the dungeon, and saw 14 of its levels.

You collected 668 gold pieces.

Inventory:

Hand Weapons
 a - a +2 long sword
 t - a +3 dagger of venom (weapon)
 F - a +3 falchion
Missiles
 d - 4 throwing nets (quivered)
Armour
 c - a +1 helmet (worn)
 f - a +1 pair of gloves (worn)
 p - a +0 pair of boots (worn)
 G - the +0 ring mail "Urenil" (worn) {rElec}
   (You found it on level 7 of the Dungeon)

   It insulates you from electricity.
 K - the +6 chain mail "Avae" {rC+ Slay+2}
   (You found it on level 10 of the Dungeon)

   It affects your accuracy and damage with ranged weapons and melee attacks
   (+2).
   It protects you from cold.
 O - a +0 cloak (worn)
Jewellery
 i - a ring of wizardry (right hand)
 k - an amulet of rage (around neck)
 s - a ring of positive energy (left hand)
 w - an uncursed ring of resist corrosion
Wands
 b - a wand of scattershot (1)
 A - a wand of iceblast (7)
 D - a wand of disintegration (6)
 E - a wand of acid (2)
Scrolls
 h - 2 scrolls of amnesia
 j - 6 scrolls of remove curse
 o - 3 scrolls of magic mapping
 q - 8 scrolls of enchant weapon
 v - 2 scrolls of enchant armour
 y - 3 scrolls of blinking
 C - 2 scrolls of fog
 I - 2 scrolls of fear
 J - 3 scrolls of teleportation
Potions
 e - 6 potions of blood
 g - a potion of agility
 l - 2 potions of invisibility
 m - 2 potions of brilliance
 u - 3 potions of flight
 x - a potion of might
 B - a potion of cancellation
 H - 3 potions of haste
 M - 2 potions of magic
 N - a potion of curing
 P - a potion of resistance
Books
 n - a book of Necromancy

   Spells                             Type                      Level
   a - Pain                           Necromancy                   1
   b - Animate Skeleton               Necromancy                   1
   c - Vampiric Draining              Necromancy                   3
   d - Regeneration                   Charms/Necromancy            3
   e - Animate Dead                   Necromancy                   4
   f - Control Undead                 Necromancy                   4
 z - a book of Battle

   Spells                             Type                      Level
   a - Infusion                       Charms                       1
   b - Shroud of Golubria             Charms/Translocation         2
   c - Song of Slaying                Charms                       2
   d - Spectral Weapon                Hexes/Charms                 3
   e - Regeneration                   Charms/Necromancy            3
 L - a book of Conjurations

   Spells                             Type                      Level
   a - Magic Dart                     Conjuration                  1
   b - Searing Ray                    Conjuration                  2
   c - Dazzling Spray                 Conjuration/Hexes            3
   d - Fulminant Prism                Conjuration/Hexes            4
   e - Force Lance                    Conjuration/Translocation    4
   f - Iskenderun's Mystic Blast      Conjuration                  4


   Skills:
 + Level 2.3 Fighting
 - Level 10.4 Long Blades
 - Level 2.1 Throwing
 - Level 5.2 Armour
 + Level 9.0 Dodging
 - Level 10.1 Stealth
 + Level 9.0 Invocations
 - Level 8.3 Evocations


You had 8 spell levels left.
You knew the following spells:

 Your Spells              Type           Power        Failure   Level  Hunger
a - Regeneration          Chrm/Necr      #.........   52%         3    ####...


Dungeon Overview and Level Annotations

Branches:
Dungeon (13/15)            Temple (1/1) D:5            Lair (0/6) D:10
    Orc (0/2) D:9
 Vaults: D:13-14

Altars:
Ashenzari
Cheibriados
Dithmenos
Elyvilon
Fedhas
Gozag
Hepliaklqana
Kikubaaqudgha
Makhleb
Nemelex Xobeh
Okawaru
Qazlal
Ru
Sif Muna
Trog
Uskayaw
Vehumet
Wu Jian
Xom
Yredelemnul
Zin
The Shining One

Annotations:
D:8 tidbits's ghost, novice GnEE
D:12 Frances
D:13 Josephine


Innate Abilities, Weirdness & Mutations

You heal slowly.
You have razor-sharp teeth.
You have supernaturally acute eyesight. (SInv)
You can survive without breathing.
You have razor-sharp toenails.
You possess an exceptional clarity of mind.
Your mind is acute. (Int +2)
Your flesh is cold resistant. (rC+)
Your flesh is heat resistant. (rF+)
You evolve.


Message History

The cyclops is moderately wounded.
The cyclops closely misses you.
You riposte.
You hit the cyclops but do no damage.
The cyclops is moderately wounded.
You barely miss the cyclops.
The cyclops is moderately wounded.
Wield which item (- for none, * to show all)? (? for menu, Esc to quit)
Your +3 dagger of venom begins to drip with poison!
t - a +3 dagger of venom (weapon)
You completely miss the cyclops.
The cyclops is moderately wounded.
The cyclops hits you!!
* * * LOW HITPOINT WARNING * * *
You hit the cyclops but do no damage.
The cyclops is poisoned.
Your bite misses the cyclops.
The cyclops is moderately wounded.
You hit the cyclops.
The cyclops looks as sick as possible!
The cyclops is moderately wounded.
The cyclops hits you!!
You die...

....... ........#
#........W# .J....#
.......# #........@#
......# ......#
'.........# ..J..
.....# #.........#
..J ....# #.....W...#
#.# ... #.......$.#
#.# #.# #'# ##J# #C#
#.# ##..# #@### #.#
#..## #†..# #.# #.##
##########'## #.# #.#
#...........# #.# #.#
#...........# #.# #.#
#...).......# #.# #.#
#...........# #.# #.#
#..(........# #.#
#.#######...........#
#.#


You could see a cyclops.

Vanquished Creatures
  A hydra (D:13)
  2 two-headed ogres
  Sonja (D:12)
  2 unseen horrors
  A deep elf mage (D:12)
  An ugly thing (D:12)
  2 cyclopes
  A centaur skeleton (D:13)
  2 centaur zombies
  A komodo dragon (D:13)
  A troll (D:13)
  4 hippogriffs
  5 slime creatures
  A shadow (D:12)
  2 wraiths (D:13)
  6 yaks
  8 vampire mosquitoes (D:13)
  2 steam dragons
  2 soldier ants
  2 water moccasins
  2 porcupines (D:10)
  7 sky beasts
  4 ogres
  A black bear (D:10)
  2 necrophages (D:11)
  5 orc warriors
  An eye of draining (D:11)
  5 phantoms
  6 ice beasts
  2 crocodiles
  8 centaurs
  3 big kobolds
  9 bullfrogs
  A water moccasin zombie (D:10)
  16 killer bees
  7 scorpions
  15 wights
  2 crimson imps
  A howler monkey (D:5)
  A quasit (D:8)
  A jelly (D:7)
  6 orc priests
  5 hounds
  7 orc wizards
  2 bullfrog skeletons
  4 iguanas
  8 worker ants
  2 hound skeletons
  A hound zombie (D:9)
  A worker ant zombie (D:9)
  8 gnolls
  9 adders
  3 shadow imps
  2 oozes (D:1)
  2 worms (D:5)
  2 dart slugs
  7 leopard geckos
  40 orcs
  4 giant cockroaches
  6 goblins
  3 hobgoblins
  5 jackals
  17 kobolds
  3 quokkas
  A ball python (D:4)
  5 bats
  4 frilled lizards
  A jackal skeleton (D:6)
  2 leopard gecko skeletons
  A quokka zombie (D:9)
  4 rats
311 creatures vanquished.

Vanquished Creatures (others)
  Psyche (D:11)
1 creature vanquished.

Grand Total: 312 creatures vanquished

Notes
Turn   | Place    | Note
-------+----------+-------------------------------------------
     0 | D:1      | KristoblXynda the Vampire Gladiator began the quest for the Orb.
     0 | D:1      | Reached XP level 1. HP: 16/16 MP: 1/1
    90 | D:1      | Reached XP level 2. HP: 10/22 MP: 2/2
   779 | D:1      | Reached XP level 3. HP: 22/27 MP: 3/3
  1585 | D:2      | Reached skill level 1 in Stealth
  2038 | D:3      | Reached XP level 4. HP: 33/33 MP: 4/4
  2775 | D:4      | Reached XP level 5. HP: 38/38 MP: 5/5
  3083 | D:4      | Found a burning altar of Makhleb.
  3299 | D:4      | Noticed a phantom
  3335 | D:4      | Killed a phantom
  3335 | D:4      | Reached skill level 5 in Dodging
  3335 | D:4      | Reached XP level 6. HP: 6/44 MP: 6/6
  3745 | D:5      | Entered Level 5 of the Dungeon
  3749 | D:5      | Found a staircase to the Ecumenical Temple.
  3761 | D:5      | Noticed a sky beast
  3775 | D:5      | Killed a sky beast
  3775 | D:5      | Reached skill level 5 in Stealth
  3781 | Temple   | Entered the Ecumenical Temple
  4254 | Temple   | Became a worshipper of Dithmenos the Shadowed
  4303 | D:5      | Reached skill level 5 in Long Blades
  4317 | D:5      | Reached skill level 1 in Armour
  4614 | D:5      | Reached XP level 7. HP: 46/49 MP: 7/7
  5092 | D:6      | Reached * piety under Dithmenos
  5428 | D:6      | Found an ornate altar of the Wu Jian Council.
  5493 | D:6      | Reached XP level 8. HP: 47/55 MP: 8/8
  6325 | D:7      | Reached ** piety under Dithmenos
  6333 | D:7      | Found a sparkling altar of Nemelex Xobeh.
  6506 | D:7      | Reached skill level 10 in Stealth
  6506 | D:7      | Reached XP level 9. HP: 33/61 MP: 9/9
  6713 | D:7      | Learned a level 3 spell: Regeneration
  7014 | D:7      | Reached skill level 1 in Invocations
  7556 | D:7      | Got a faintly humming ring mail
  7567 | D:7      | Identified the +0 ring mail "Urenil" {rElec} (You found it on level 7 of the Dungeon)
  7640 | D:8      | Reached skill level 5 in Armour
  7799 | D:8      | Noticed a green ugly thing
  7813 | D:8      | Found a hazy altar of Hepliaklqana.
  7813 | D:8      | Found a stormy altar of Qazlal.
  8167 | D:8      | Reached *** piety under Dithmenos
  8585 | D:8      | Reached skill level 1 in Evocations
  8596 | D:8      | Found an opulent altar of Gozag.
  8597 | D:8      | Found a glowing silver altar of Zin.
  8846 | D:8      | Noticed tidbits's ghost (novice GnEE)
  8971 | D:8      | Gained mutation: You occasionally shout uncontrollably at your foes. [potion of mutation]
  8971 | D:8      | Gained mutation: You are robust. (+10% HP) [potion of mutation]
  8971 | D:8      | Gained mutation: You possess an exceptional clarity of mind. [potion of mutation]
  8972 | D:8      | Lost mutation: You are robust. (+10% HP) [potion of mutation]
  8972 | D:8      | Lost mutation: You occasionally shout uncontrollably at your foes. [potion of mutation]
  8972 | D:8      | Lost mutation: You possess an exceptional clarity of mind. [potion of mutation]
  8972 | D:8      | Gained mutation: Your mind is acute. (Int +2) [potion of mutation]
  8972 | D:8      | Gained mutation: Your magical capacity is low. (-10% MP) [potion of mutation]
  8972 | D:8      | Gained mutation: You have sharp toenails. [potion of mutation]
  8973 | D:8      | Lost mutation: Your magical capacity is low. (-10% MP) [potion of mutation]
  8973 | D:8      | Gained mutation: You evolve. [potion of mutation]
  8973 | D:8      | Gained mutation: Your flesh is cold resistant. (rC+) [potion of mutation]
  8973 | D:8      | Gained mutation: You possess an exceptional clarity of mind. [potion of mutation]
  9833 | D:9      | Gained mutation: You have razor-sharp toenails. [evolution]
  9995 | D:9      | Reached XP level 10. HP: 51/67 MP: 13/13
 10158 | D:9      | Found a staircase to the Orcish Mines.
 10325 | D:9      | You fall through a shaft for 2 floors!
 10365 | D:11     | Noticed an unseen horror
 10370 | D:11     | Reached **** piety under Dithmenos
 10391 | D:11     | Killed an unseen horror
 10761 | D:11     | Noticed a two-headed ogre
 10769 | D:11     | Killed a two-headed ogre
 10769 | D:11     | Reached skill level 5 in Invocations
 11196 | D:11     | Noticed a cyclops
 11196 | D:11     | Reached skill level 10 in Long Blades
 11196 | D:11     | Reached skill level 5 in Evocations
 11199 | D:11     | Killed a cyclops
 11213 | D:11     | HP: 2/67 [orc warrior/hand axe (18)]
 11733 | D:11     | Found an opulent altar of Gozag.
 11755 | D:11     | Gained mutation: Your flesh is heat resistant. (rF+) [evolution]
 11950 | D:11     | Noticed Psyche
 11975 | D:11     | Killed Psyche
 11990 | D:11     | Reached XP level 11. HP: 61/72 MP: 15/15
 12250 | D:12     | Noticed a deep elf mage
 12252 | D:12     | Killed a deep elf mage
 12275 | D:10     | Entered Level 10 of the Dungeon
 12496 | D:10     | Reached ***** piety under Dithmenos
 12516 | D:10     | Found a staircase to the Lair.
 12663 | D:10     | Identified a scroll of acquirement
 12684 | D:10     | Got a transparent chain mail
 13506 | D:12     | Noticed Sonja
 13507 | D:12     | Killed Sonja
 14123 | D:12     | Noticed a green ugly thing
 14135 | D:12     | Killed a green ugly thing
 14219 | D:12     | Noticed an unseen horror
 14233 | D:12     | Killed an unseen horror
 14247 | D:12     | HP: 3/72 [centaur/arrow (5)]
 14254 | D:12     | Noticed Frances
 14635 | D:12     | Identified the +6 chain mail "Avae" {rC+ Slay+2} (You found it on level 10 of the Dungeon)
 15140 | D:13     | Noticed a four-headed hydra
 15157 | D:13     | Killed a four-headed hydra
 15442 | D:13     | Noticed a two-headed ogre
 15475 | D:13     | Killed a two-headed ogre
 15475 | D:13     | Reached XP level 12. HP: 22/78 MP: 18/18
 15961 | D:13     | Noticed a centaur warrior
 17428 | D:13     | Noticed Josephine
 17675 | D:13     | Slain by a cyclops

Vault maps used:
D:1:      elethiomel_arrival_infinity_welcomes_careful_drivers
D:3:      first_bread, chequers_big_river
D:4:      lemuel_doored_altar, serial_glass, glass_columns_c, glass_columns_c
D:5:      minmay_temple_entry_junction
D:6:      nicolae_overflow_hidden_temple, kennysheep_cross_room
D:7:      lemuel_ice_spiral_2, marbit_many_paths, grunt_ogre_cave,
          nicolae_water_bricks
D:8:      grunt_temple_overflow_gold_and_silver,
          amethyst_overflow_temple_binary, uniq_joseph
D:9:      orc_0_dummy
D:10:     grunt_lair_entry_orc_guard_hut, hangedman_abyss_or_decor_lesser_grid,
          dk_noncrumbling_3, minmay_strange_pillars
D:11:     grunt_gozag_breadcrumbs, uniq_psyche
D:12:     uniq_frances, uniq_sonja
D:13:     kennysheep_cross_bottleneck, uniq_josephine
Temple:   regret_index_temple_generic_petals

Skill      XL: |  1  2  3  4  5  6  7  8  9 10 11 12 |
---------------+-------------------------------------+-----
Throwing       | 2 |  2.1
Stealth        | 1 3 4 6 7 10 | 10.1
Dodging        | 4 5 8 9 |  9.0
Long Blades    | 4 5 6 7 8 10 | 10.4
Armour         | 1 2 4 5 |  5.2
Invocations    | 4 6 8 9 |  9.0
Evocations     | 2 5 7 8 |  8.3
Fighting       | 2 |  2.3

Action                   |  1- 3 |  4- 6 |  7- 9 | 10-12 || total
-------------------------+-------+-------+-------+-------++-------
Melee: Long sword        |    46 |    28 |   148 |   408 ||   630
       Dagger            |    39 |    80 |   308 |   324 ||   751
       Bite              |     6 |    11 |    64 |   131 ||   212
       Kick              |       |       |    19 |       ||    19
       Falchion          |       |       |     6 |       ||     6
 Abil: End Transformatio |       |     1 |     1 |       ||     2
       Bat Form          |       |     1 |     1 |       ||     2
       Evoke Berserk Rag |       |     1 |       |       ||     1
Evoke: Wand              |       |       |     2 |    32 ||    34
  Use: Potion            |     1 |    14 |    16 |    22 ||    53
       Scroll            |       |    15 |     4 |    10 ||    29
 Stab: Sleeping          |     7 |     5 |    22 |    14 ||    48
       Distracted        |       |       |       |     1 ||     1
Armor: Leather armour    |    21 |    14 |       |       ||    35
       Ring mail         |       |     1 |   129 |   212 ||   342
       Skin              |       |       |       |     5 ||     5
Dodge: Dodged            |    50 |    78 |   393 |   519 ||  1040
       Rpst.: Long sword |    12 |     5 |    30 |    80 ||   127
       Falchion          |       |       |     2 |       ||     2

Table legend:
 A = Spawn XP
 B = Non-spawn XP
 C = Spawn XP percentage of total XP
 D = Spawn monster count
 E = Non-spawn monster count
 F = Spawn count percentage of total count
 G = Total turns spent on level
                    A         B        C        D         E        F      G
               +---------+---------+-------+---------+---------+-------+---------
         Total |       0 |   27022 |   0.0 |       0 |     312 |   0.0 | 17675
               +---------+---------+-------+---------+---------+-------+---------
           D:1 |       0 |      43 |   0.0 |       0 |      17 |   0.0 |  1023
           D:2 |       0 |      27 |   0.0 |       0 |       9 |   0.0 |   816
           D:3 |       0 |      62 |   0.0 |       0 |      14 |   0.0 |   784
           D:4 |       0 |     290 |   0.0 |       0 |      12 |   0.0 |  1122
           D:5 |       0 |     655 |   0.0 |       0 |      22 |   0.0 |   842
           D:6 |       0 |    1013 |   0.0 |       0 |      23 |   0.0 |  1132
           D:7 |       0 |    1471 |   0.0 |       0 |      29 |   0.0 |  1715
           D:8 |       0 |    1183 |   0.0 |       0 |      26 |   0.0 |  1438
           D:9 |       0 |     920 |   0.0 |       0 |      20 |   0.0 |   962
          D:10 |       0 |    2323 |   0.0 |       0 |      35 |   0.0 |  1194
          D:11 |       0 |    5826 |   0.0 |       0 |      50 |   0.0 |  2749
          D:12 |       0 |    6133 |   0.0 |       0 |      26 |   0.0 |   640
          D:13 |       0 |    7076 |   0.0 |       0 |      29 |   0.0 |  2767
               +---------+---------+-------+---------+---------+-------+---------
